[Event "Late-Titled-Tuesday-Blitz-May-14-2024"]
[Site "Chess.com"]
[Date "2024.05.14"]
[Round "8"]
[White "LiemLe"]
[Black "frederiksvane"]
[Result "1-0"]
[WhiteElo "3056"]
[BlackElo "2955"]
[TimeControl "180+1"]
[EndTime "15:26:25 PDT"]
[Termination "LiemLe won by resignation"]

1. c4 e6 2. Nc3 d5 3. d4 c6 4. Nf3 Nf6 5. Bg5 h6 6. Bxf6 Qxf6 7. e3 Nd7 8. Be2 g6 9. O-O Bg7 10.
cxd5 exd5 11. b4 O-O 12. b5 Qd6 13. Rc1 Nb6 14. bxc6 bxc6 15. Na4 Bf5 16. Nc5 Rab8 17. Nd2 h5 18. Bd3 Bg4 19. Qc2 Qe7 20. h3 Bc8 21.
Na6 Bxa6 22. Bxa6 Qa3 23. Qd3 Qd6 24. Rc2 Nd7 25. Rfc1 Rb6 26. Nb3 Nb8 27. Nc5 Bf6 28. a4 Nxa6 29. Nxa6 Rc8 30. Nc5 Bd8 31. e4 dxe4 32.
Nxe4 Qe7 33. d5 Rb4 34. Rc4 Rxc4 35. Rxc4 Qd7 36. d6 Rb8 37. Nc5 Qe8 38. Re4 Qf8 39. Nd7 Qh6 1-0

[Event "Late-Titled-Tuesday-Blitz-May-14-2024"]
[Site "Chess.com"]
[Date "2024.05.14"]
[Round "8"]
[White "Art10ECHR"]
[Black "AlexOstrovskiy"]
[Result "0-1"]
[WhiteElo "2505"]
[BlackElo "2726"]
[TimeControl "180+1"]
[EndTime "15:26:25 PDT"]
[Termination "AlexOstrovskiy won on time"]

1. d4 Nf6 2. c4 c5 3. d5 e5 4. Nc3 d6 5. e4 Be7 6. Bd3 Nbd7 7. Nge2 h5 8. O-O h4 9. a3 Nh5 10. b4 b6 11. Rb1 a6 12. Bc2 Bg5 13. Ba4 O-O 14.
Bc6 Ra7 15. Na4 Bxc1 16. Qxc1 cxb4 17. Rxb4 Nc5 18. Nxc5 bxc5 19. Rb3 f5 20. exf5 Bxf5 21. Qe3 Raf7 22. a4 h3 23. g3 Bg4 24. f4 exf4 25.
Nxf4 Nxf4 26. Rxf4 Rxf4 27. gxf4 Qf6 28. Rb7 Qa1+ 29. Kf2 Qa2+ 30. Kg3 Qg2+ 31. Kh4 Bc8 32. Qg3 Bxb7 0-1

[Event "Late-Titled-Tuesday-Blitz-May-14-2024"]
[Site "Chess.com"]
[Date "2024.05.14"]
[Round "8"]
[White "FredddieCroderg"]
[Black "HowTo2Draw"]
[Result "0-1"]
[WhiteElo "2336"]
[BlackElo "2585"]
[TimeControl "180+1"]
[EndTime "15:26:25 PDT"]
[Termination "HowTo2Draw won on time"]

1. e4 c6 2. d4 d5 3. exd5 cxd5 4. Bd3 Nf6 5. Nf3 Nc6 6. O-O Bg4 7. c3 e6 8. Re1 Be7 9. Bg5 O-O 10. Nbd2 Rb8 11. Qb1 h6 12. Bh4 Bxf3 13. Nxf3 b5 14. Ne5 Nxe5 15. dxe5 Nd7 16. Bxe7 Qxe7 17. Qd1 b4 18. Qh5 bxc3 19. bxc3 Qg5 20. Qxg5 hxg5 21. c4 Nc5 22. Bf1 d4 23. Rad1 Rfd8 24. Rd2 Rb7 25. Red1 Rbd7 26.
Rb1 Kh7 27. Rb5 Rc7 28. f3 Kg6 29. Kf2 Kf5 30. Re2 Nd3+ 31. Kg1 Rc5 32. g4+ Kg6 33. Rd2 Nxe5 34. Rxc5 Nxf3+ 35. Kf2 Nxd2 36. Bd3+ f5 37. gxf5+ exf5 38. Bxf5+ Kf6 39. Ke2 Rh8 40. Kxd2 Rxh2+ 41.
Kd3 Rxa2 42. Kxd4 a5 43. Bd3 g4 44. Rf5+ Ke6 45. Rg5 Kf6 46. Rxg4 g5 47. Re4 a4 48. Re8 g4 49. Ra8 a3 50. c5 Ra1 51. c6 a2 52. c7 Rc1 0-1

[Event "Late-Titled-Tuesday-Blitz-May-14-2024"]
[Site "Chess.com"]
[Date "2024.05.14"]
[Round "8"]
[White "Sanyura"]
[Black "FuenfgegenWilly"]
[Result "1-0"]
[WhiteElo "2646"]
[BlackElo "2455"]
[TimeControl "180+1"]
[EndTime "15:26:26 PDT"]
[Termination "Sanyura won by resignation"]

1. e4 c5 2. Nf3 a6 3. c3 e6 4. d4 d5 5. exd5 exd5 6. Bd3 c4 7. Be2 Bd6 8. O-O Nf6 9. b3 cxb3 10. axb3 O-O 11.
Bg5 h6 12. Bh4 Nc6 13. c4 Be7 14. Nc3 Bg4 15. Bxf6 Bxf6 16. Nxd5 Bxf3 17. Nxf6+ Qxf6 18. Bxf3 Qxd4 19. Bxc6 Qxd1 20. Rfxd1 bxc6 21. Rd6 Rfb8 22. Ra3 Rd8 23. Rxa6 Rxd6 24. Rxa8+ Kh7 25. g3 Rd3 26. Rb8 f5 27. Kf1 Rc3 28. Ke2 Rc2+ 29. Ke3 g5 30. Rb6 h5 31. Rxc6 Rc3+ 32. Kd4 Rxb3 33. f4 h4 34. gxh4 gxf4 35. Rf6 Rh3 36. c5 Rxh4 37. Rxf5 Kg6 38. Ke5 Rxh2 39. Rxf4 Rc2 40. Kd6 Kg5 41.
Rf1 1-0

[Event "Late-Titled-Tuesday-Blitz-May-14-2024"]
[Site "Chess.com"]
[Date "2024.05.14"]
[Round "8"]
[White "merinasian"]
[Black "chess_sharparchitect"]
[Result "0-1"]
[WhiteElo "2500"]
[BlackElo "2370"]
[TimeControl "180+1"]
[EndTime "15:26:28 PDT"]
[Termination "chess_sharparchitect won by resignation"]

1. d4 Nf6 2. Nf3 d5 3. c4 e6 4. e3 Nbd7 5. Nbd2 c5 6. Bd3 cxd4 7. exd4 dxc4 8. Nxc4 Bb4+ 9. Bd2 Bxd2+ 10. Qxd2 Nb6 11. Nce5 O-O 12. O-O Nbd5 13. Rfe1 Bd7 14.
Rac1 Rc8 15. Rxc8 Qxc8 16. h3 h6 17. Bb1 Bb5 18. Rc1 Qd8 19. a3 Qd6 20. Qa5 a6 21. a4 b6 22. Qd2 Bxa4 23. Nc4 Qe7 24. Re1 Bb5 25. Nce5 Qb4 26. Qc2 Ba4 27. Qe2 Bb5 28. Qc2 Ba4 29. Qe2 Bb5 30. Qd1 Qxb2 31. Ng4 Nxg4 32.
hxg4 Nc3 33. Qc1 Qxc1 34. Rxc1 Ne2+ 0-1

[Event "Late-Titled-Tuesday-Blitz-May-14-2024"]
[Site "Chess.com"]
[Date "2024.05.14"]
[Round "8"]
[White "ChessSwole"]
[Black "dennisodessa"]
[Result "1-0"]
[WhiteElo "2620"]
[BlackElo "2458"]
[TimeControl "180+1"]
[EndTime "15:26:29 PDT"]
[Termination "ChessSwole won by resignation"]

1. d4 Nf6 2. c4 e6 3. Nc3 Bb4 4. e3 b6 5. Ne2 Bb7 6. a3 Bd6 7. Ng3 O-O 8. Nb5 Be7 9. f3 c5 10. Bd3 d5 11. dxc5 bxc5 12. O-O Nc6 13. cxd5 exd5 14.
Nf5 Qb6 15. b3 Rad8 16. Qe1 Ba6 17. a4 Nb4 18. Nxe7+ Kh8 19. Be2 Nc2 20. Qc3 Nxa1 21. Qxa1 Qe6 22. Nc7 Qxe7 23. Nxa6 Rb8 24. Qc3 Rbc8 25.
Ba3 d4 26. Qc1 dxe3 27. Bxc5 Qb7 28. Qxe3 Rfe8 29. Qf2 Nd7 30. Bd4 Qxb3 31. Bb5 Rcd8 32. Qg3 f6 33. Nc7 Qf7 34. Nxe8 Rxe8 35. Re1 Rd8 1-0

[Event "Late-Titled-Tuesday-Blitz-May-14-2024"]
[Site "Chess.com"]
[Date "2024.05.14"]
[Round "8"]
[White "nindjaxx8"]
[Black "sergiochess83"]
[Result "0-1"]
[WhiteElo "2661"]
[BlackElo "2861"]
[TimeControl "180+1"]
[EndTime "15:26:32 PDT"]
[Termination "sergiochess83 won by checkmate"]

1. d4 d5 2. c4 c6 3. Nc3 Nf6 4. cxd5 cxd5 5. Bf4 Nc6 6. e3 Bg4 7. Be2 Bxe2 8. Ngxe2 e6 9. O-O Be7 10. Rc1 O-O 11. Qb3 Na5 12. Qd1 Rc8 13. Qd3 Qd7 14. Rfd1 Nc4 15. Qb1 Rc6 16. Rc2 Rfc8 17. Rdc1 h6 18.
h3 a6 19. Kh1 b5 20. Ng1 b4 21.
Nce2 Ne4 22. Bg3 Bd6 23. Kh2 Nxf2 24. Bxd6 Qxd6+ 25. Nf4 Nd3 26. b3 Nxe3 27. Rxc6 Qxf4+ 28. g3 Qf2+ 29. Kh1 Qg2# 0-1

[Event "Late-Titled-Tuesday-Blitz-May-14-2024"]
[Site "Chess.com"]
[Date "2024.05.14"]
[Round "8"]
[White "RantomOpening"]
[Black "Kombinator01"]
[Result "1-0"]
[WhiteElo "2593"]
[BlackElo "2393"]
[TimeControl "180+1"]
[EndTime "15:26:34 PDT"]
[Termination "RantomOpening won by checkmate"]

1. Nf3 d6 2. c4 e6 3. Nc3 Ne7 4. e4 Nd7 5. d4 g6 6. Be2 Bg7 7. h4 h5 8. Be3 b6 9. Qd2 Bb7 10. d5 e5 11. Ng5 a6 12. g4 Nf6 13. f3 Qd7 14. gxh5 Nxh5 15. O-O-O Bf6 16. Rdg1 Ng8 17. Bd3 Qe7 18. Ne2 Qd7 19. f4 exf4 20. Nxf4 O-O-O 21. Nxh5 Rxh5 22. Be2 Rh8 23. Bg4 Bxb2+ 24. Qxb2 f5 25. Qxh8 fxg4 26. Qh7 Qa4 27. Ne6 Qxc4+ 28. Kd2 Nf6 29.
Qxc7+ Qxc7 30. Nxc7 Kxc7 31. Rc1+ Kd7 32. Bxb6 Nxe4+ 33. Ke3 Ng3 34. Bxd8 Nxh1 35. Rxh1 Kxd8 36. Kd4 Bc8 37. Ke4 Bf5+ 38. Kf4 Kc7 39. Kg5 Be4 40. Rg1 Bxd5 41. Kxg6 Bxa2 42. h5 Bd5 43. h6 a5 44.
Rxg4 Bb3 45. Rg5 Kb6 46. h7 Bc2+ 47. Rf5 Bxf5+ 48. Kxf5 Kb5 49. h8=Q Kb4 50. Qb2+ Ka4 51. Ke4 d5+ 52. Kd3 d4 53. Kc4 d3 54. Qb3# 1-0

[Event "Late-Titled-Tuesday-Blitz-May-14-2024"]
[Site "Chess.com"]
[Date "2024.05.14"]
[Round "8"]
[White "geordie_derraugh"]
[Black "WALDOCHESS"]
[Result "0-1"]
[WhiteElo "2440"]
[BlackElo "2056"]
[TimeControl "180+1"]
[EndTime "15:26:34 PDT"]
[Termination "WALDOCHESS won by resignation"]

1. e4 c5 2. Nf3 d6 3. d4 cxd4 4. Nxd4 Nf6 5. Nc3 a6 6. Be2 e5 7.
Nb3 Be7 8. Be3 Be6 9. Nd5 Nbd7 10. Qd3 Bxd5 11. exd5 O-O 12. g4 b5 13. g5 Ne8 14. h4 Nb6 15. Nd2 Rc8 16. b3 f5 17.
gxf6 Nxf6 18. c4 bxc4 19. bxc4 Na4 20. Nb3 Nd7 21. Bg4 Ndc5 22. Qe2 Nc3 23. Qc2 N3e4 24. Bxc8 Qxc8 25. Nxc5 Nxc5 26. h5 e4 27. Bxc5 Qxc5 28. Rh2 e3 29. Qe4 exf2+ 30. Kf1 Bf6 31. Rc1 Be5 32. Rg2 Rf4 33. Qe2 Qa3 34. Rb1 Qh3 35. Rb8+ Kf7 36. Rb7+ Kf8 37. Rb8+ Kf7 38. Rb7+ Kf6 39. h6 Qh1+ 0-1

[Event "Late-Titled-Tuesday-Blitz-May-14-2024"]
[Site "Chess.com"]
[Date "2024.05.14"]
[Round "8"]
[White "Oneofmyturns"]
[Black "SpeedofLight0"]
[Result "0-1"]
[WhiteElo "2801"]
[BlackElo "3016"]
[TimeControl "180+1"]
[EndTime "15:26:38 PDT"]
[Termination "SpeedofLight0 won on time"]

1. d4 d6 2. c4 g6 3. Nc3 Bg7 4.
e4 Nc6 5. d5 Ne5 6. h3 Nd7 7.
Be3 Bxc3+ 8. bxc3 e5 9. Bd3 c5 10. Ne2 Qe7 11. g4 Kd8 12. Ng3 Kc7 13. h4 h6 14. h5 g5 15. Nf5 Qf8 16. Qc2 Ne7 17.
f3 Nf6 18. Kf2 Bxf5 19. exf5 Qe8 20. a4 Qd7 21. Rhb1 Rhb8 22. a5 Kd8 23. Rb5 Ke8 24. Rab1 Nc8 25. Qc1 Qe7 26. R1b2 Kf8 27. Qb1 b6 28.
Kg2 a6 29. R5b3 Ra7 30. axb6 Rab7 31. Be4 Qd8 32. Qa1 Rxb6 33. Rxb6 Rxb6 34. Ra2 Qc7 35. Rxa6 Rxa6 36. Qxa6 Nb6 37. Bd3 Kg7 38. Bd2 Nfd7 39. Kg3 Qb8 40. Be3 e4 41. Bxe4 Qe8 42. Qa3 Nxc4 43. Qc1 Qe5+ 44. Kg2 Nf6 0-1

[Event "Late-Titled-Tuesday-Blitz-May-14-2024"]
[Site "Chess.com"]
[Date "2024.05.14"]
[Round "8"]
[White "Byniolus"]
[Black "betta2004"]
[Result "0-1"]
[WhiteElo "2735"]
[BlackElo "2550"]
[TimeControl "180+1"]
[EndTime "15:26:39 PDT"]
[Termination "betta2004 won on time"]

1. g3 g6 2. d3 Bg7 3. e3 d5 4. c3 c5 5. f3 Nc6 6. b3 e5 7. a3 d4 8. cxd4 cxd4 9. e4 f5 10. Bg2 Nf6 11. Ne2 O-O 12. O-O fxe4 13. fxe4 Ng4 14.
Rxf8+ Qxf8 15. b4 Qf2+ 16. Kh1 Be6 17. h3 Bb3 18. Qxb3+ Kh8 19. hxg4 Qxe2 20. Kh2 Rf8 21. Ra2 Qxg4 22. Nd2 Bh6 23. b5 Qh5+ 24. Bh3 Rf2+ 25. Kg1 Be3 26. Nf1 Rb2+ 27. Bxe3 Rxb3 28. bxc6 bxc6 29.
Be6 dxe3 30. Bxb3 e2 31. Ra1 Qf3 32. Bc4 exf1=Q+ 33. Rxf1 Qxg3+ 34. Kh1 h5 35. Rf7 h4 0-1

[Event "Late-Titled-Tuesday-Blitz-May-14-2024"]
[Site "Chess.com"]
[Date "2024.05.14"]
[Round "8"]
[White "MyDream003"]
[Black "ansko1999"]
[Result "1-0"]
[WhiteElo "2845"]
[BlackElo "2638"]
[TimeControl "180+1"]
[EndTime "15:26:40 PDT"]
[Termination "MyDream003 won by resignation"]

1. e4 c5 2. Nf3 Nf6 3. e5 Nd5 4. Nc3 e6 5. Nxd5 exd5 6. d4 Nc6 7. dxc5 Bxc5 8. Bd3 d6 9. exd6 Qxd6 10. O-O O-O 11. h3 Bb6 12. Re1 Bxh3 13. gxh3 Qg3+ 14. Kh1 Bxf2 15.
Rf1 Qxh3+ 16. Nh2 Bg3 17. Qe2 Bxh2 18. Qxh2 Qxh2+ 19. Kxh2 Nb4 20. Bd2 Nxd3 21. cxd3 Rac8 22. Rac1 f6 23. Kg3 Kf7 24. Rfe1 g5 25. Bb4 Rfe8 26.
Rxc8 Rxc8 27. Re7+ Kg6 28. Bc3 h5 29. Rxb7 h4+ 30. Kh3 d4 31. Bxd4 Rc2 32. Rxa7 f5 33.
b4 Rd2 34. Rg7+ Kh5 35. Rxg5+ Kxg5 36. Be3+ f4 37. Bxd2 Kf5 38. Bxf4 1-0

[Event "Late-Titled-Tuesday-Blitz-May-14-2024"]
[Site "Chess.com"]
[Date "2024.05.14"]
[Round "8"]
[White "artin10862"]
[Black "Duhless"]
[Result "0-1"]
[WhiteElo "2908"]
[BlackElo "3125"]
[TimeControl "180+1"]
[EndTime "15:26:41 PDT"]
[Termination "Duhless won by resignation"]

1. e4 c5 2. Nf3 d6 3. d4 cxd4 4.
Nxd4 Nf6 5. Nc3 Nc6 6. h3 g6 7. Bc4 Bg7 8. Nf3 O-O 9. O-O Bd7 10. a4 Rc8 11. Qe2 Qa5 12. Rd1 Ne5 13. Bb3 Nxf3+ 14.
Qxf3 Bc6 15. Be3 Nd7 16. Bd4 Bxd4 17. Rxd4 Nf6 18. Rad1 Kg7 19. Qe3 Qc5 20. Nd5 e5 21.
Rc4 Qxe3 22. Nxe3 Nxe4 23. f3 Nc5 24. Rxd6 Nxb3 25. cxb3 Rfd8 26. Rxd8 Rxd8 27. Rc3 Kf6 28. Kf1 Ke6 29. Ke2 f5 30. g3 f4 31. Nf1 Rd4 32.
gxf4 Rxf4 33. Kf2 e4 34. b4 Bxa4 35. Nd2 exf3 36. Kg3 Rxb4 37. Nxf3 Rxb2 38. Ng5+ Kd5 39. Nxh7 Rb3 0-1

[Event "Late-Titled-Tuesday-Blitz-May-14-2024"]
[Site "Chess.com"]
[Date "2024.05.14"]
[Round "8"]
[White "lluiss"]
[Black "Redzishchess"]
[Result "0-1"]
[WhiteElo "2233"]
[BlackElo "2497"]
[TimeControl "180+1"]
[EndTime "15:26:43 PDT"]
[Termination "Redzishchess won on time"]

1. Nf3 Nf6 2. d4 e6 3. g3 b6 4. Bg2 Bb7 5. O-O Be7 6. Nbd2 O-O 7. Re1 Ne4 8. e3 f5 9. Ne5 d6 10. Nd3 Nd7 11. f4 Ndf6 12. Nf2 Nxf2 13. Kxf2 Ng4+ 14. Kg1 Bxg2 15. Kxg2 e5 16. dxe5 dxe5 17.
Nf3 e4 18. Nd4 Qd7 19. c3 c5 20. Qb3+ Kh8 21. Ne6 Rf6 22. Ng5 Nh6 23. Rd1 Rd6 24.
Rxd6 Qxd6 25. Qe6 Rd8 26. b3 Bxg5 27. Qxd6 Rxd6 28. fxg5 Ng4 29. h3 Ne5 0-1

[Event "Late-Titled-Tuesday-Blitz-May-14-2024"]
[Site "Chess.com"]
[Date "2024.05.14"]
[Round "8"]
[White "Licancabur"]
[Black "VictorFcQNK"]
[Result "1-0"]
[WhiteElo "2492"]
[BlackElo "2150"]
[TimeControl "180+1"]
[EndTime "15:26:43 PDT"]
[Termination "Licancabur won on time"]

1. f4 e5 2. fxe5 d6 3. exd6 Bxd6 4. Nf3 g5 5. g3 h5 6. d4 h4 7. Bxg5 f6 8. Bxh4 Bg4 9. Qd3 Kf7 10. Nbd2 Nc6 11.
Bg2 Nb4 12. Qb3+ Be6 13. c4 a5 14. d5 Bf5 15. Nd4 Bg6 16. a3 a4 17. Qe3 Na6 18.
Ne6 Qd7 19. Bh3 Qe7 20. Rf1 Nc5 21. Ng5+ Kg7 22. Qxe7+ Nxe7 23. Ne6+ Nxe6 24. Bxf6+ Kh6 25. Bxe6 Rhf8 26. e4 Ra6 27. e5 Bc5 28. Rf4 Rb6 29.
O-O-O Bxa3 30. Rh4+ Bh5 31. bxa3 1-0

[Event "Late-Titled-Tuesday-Blitz-May-14-2024"]
[Site "Chess.com"]
[Date "2024.05.14"]
[Round "8"]
[White "rdarruda"]
[Black "MalcolmPein"]
[Result "1-0"]
[WhiteElo "2496"]
[BlackElo "2306"]
[TimeControl "180+1"]
[EndTime "15:26:52 PDT"]
[Termination "rdarruda won by resignation"]

1. Nf3 c5 2. c4 Nc6 3. b3 e5 4.
d3 g6 5. Bb2 Bg7 6. Nbd2 Nge7 7.
g3 O-O 8. Qc2 d6 9. Bg2 h6 10. e3 Be6 11. O-O Qd7 12. Rfd1 d5 13. cxd5 Nxd5 14. a3 Rac8 15. Nc4 Qc7 16. Rac1 Rfd8 17.
Qb1 Nb6 18. Qa1 Nxc4 19. bxc4 f5 20. Nh4 Kh7 21. Bc3 Rd7 22. Rd2 Rcd8 23. Rcd1 Bf6 24. Nf3 Bg7 25. Ne1 b6 26. Qb2 Rd6 27. Nf3 R6d7 28. h4 Nd4 29. Qb1 Nxf3+ 30. Bxf3 f4 31. exf4 exf4 32. Bxg7 Kxg7 33. g4 Kh7 34. Qb2 Rd4 35.
Re1 Qd7 36. Rde2 Rd6 37. Bd5 Bf7 38. f3 Rxd5 39. cxd5 Qxd5 40. Re7 Rd7 41. Qf6 Rxe7 42. Rxe7 Kg8 43. Rc7 Qd4+ 44. Qxd4 cxd4 45. Rxa7 Bb3 46. Rd7 Bc2 47. Rxd4 1-0

[Event "Late-Titled-Tuesday-Blitz-May-14-2024"]
[Site "Chess.com"]
[Date "2024.05.14"]
[Round "8"]
[White "Bala-Afiada"]
[Black "gamboajp"]
[Result "0-1"]
[WhiteElo "1956"]
[BlackElo "2034"]
[TimeControl "180+1"]
[EndTime "15:26:52 PDT"]
[Termination "gamboajp won on time"]

1. d4 e6 2. c4 d5 3. Nf3 c5 4.
cxd5 exd5 5. g3 Nf6 6. Bg2 Nc6 7. O-O Be7 8. dxc5 Bxc5 9. Nc3 O-O 10. Bg5 d4 11. Bxf6 Qxf6 12. Ne4 Qe7 13. Nxc5 Qxc5 14. Rc1 Qb6 15. Qd2 Bg4 16. Ne1 Rfe8 17. Bf3 Ne5 18. Bxg4 Nxg4 19. Nd3 Qe6 20. Nf4 Qxa2 21.
Qxd4 Nf6 22. Ra1 Qb3 23. Ra3 Qb5 24. Rfa1 a6 25. Ra5 Qc6 26. e3 Rad8 27. Qc5 Qf3 28. Qc2 Ng4 29. Rc1 Rc8 30. Rc5 Rxc5 0-1

[Event "Late-Titled-Tuesday-Blitz-May-14-2024"]
[Site "Chess.com"]
[Date "2024.05.14"]
[Round "8"]
[White "dealshark"]
[Black "MaxLeto"]
[Result "1-0"]
[WhiteElo "2543"]
[BlackElo "2384"]
[TimeControl "180+1"]
[EndTime "15:26:54 PDT"]
[Termination "dealshark won on time"]

1. e4 c5 2. c3 Nf6 3. e5 Nd5 4.
d4 cxd4 5. Nf3 d6 6. Qxd4 e6 7.
Bc4 Nc6 8. Qe4 dxe5 9. Nxe5 Bd6 10. Nxc6 bxc6 11. O-O O-O 12. Nd2 f5 13. Qe2 e5 14.
Nf3 Qf6 15. Rd1 Be6 16. Bg5 Qg6 17. h4 h6 18. Be3 f4 19. Bc1 e4 20. Ne1 f3 21. Qf1 Bh3 22. Rxd5 cxd5 23. Bxd5+ Kh8 24. Bxa8 Rxa8 25. Kh1 fxg2+ 26. Nxg2 Rf8 27. Qg1 Bg4 28. Be3 Bf3 29. Rd1 Qg4 30. Rxd6 Qh3+ 31. Qh2 Bxg2+ 32. Kg1 Qxh2+ 33. Kxh2 Bf3 34. Rd7 a6 35. Bd4 Rg8 36.
Kg3 Kh7 37. c4 a5 38. c5 Kg6 39. c6 Rc8 40. c7 Kf5 41. Bb6 1-0

[Event "Late-Titled-Tuesday-Blitz-May-14-2024"]
[Site "Chess.com"]
[Date "2024.05.14"]
[Round "8"]
[White "laskakid"]
[Black "rionelG"]
[Result "0-1"]
[WhiteElo "2366"]
[BlackElo "2314"]
[TimeControl "180+1"]
[EndTime "15:26:56 PDT"]
[Termination "rionelG won by resignation"]

1. e4 c5 2. Nf3 d6 3. Bb5+ Nd7 4. O-O a6 5. Bd3 Ngf6 6. c3 b5 7. Bc2 Bb7 8. Re1 Rc8 9. d4 Qc7 10. Bd3 cxd4 11. Nxd4 Nc5 12. f3 e6 13. Bf1 Be7 14. Be3 O-O 15. Nd2 d5 16. exd5 Nxd5 17. Bf2 Bd6 18.
g3 h5 19. Bg2 h4 20. f4 hxg3 21. hxg3 Nd3 22. Re2 Bc5 23. N2b3 Nxf2 24. Rxf2 Ne3 25. Qh5 Nxg2 26. Rxg2 Bxg2 27. Kxg2 Qb7+ 28. Nf3 Qd5 29. Qh4 f6 30. Rh1 Kf7 31. Qg4 Rh8 32. Re1 Bb6 33. Nd4 Rce8 34. f5 exf5 35. Nxf5 g6 36.
Rxe8 gxf5 37. Qc4 Qxc4 0-1

[Event "Late-Titled-Tuesday-Blitz-May-14-2024"]
[Site "Chess.com"]
[Date "2024.05.14"]
[Round "8"]
[White "crazycheesecake"]
[Black "maurovargas01"]
[Result "1-0"]
[WhiteElo "2114"]
[BlackElo "1925"]
[TimeControl "180+1"]
[EndTime "15:26:56 PDT"]
[Termination "crazycheesecake won by checkmate"]

1. Nf3 Nc6 2. c4 e5 3. Nc3 f5 4.
d4 e4 5. Ng1 Nf6 6. e3 Bb4 7. Bd2 O-O 8. Nge2 Be7 9. Ng3 d6 10.
a3 Rf7 11. Be2 Bf8 12. O-O g5 13. f3 exf3 14. Bxf3 Ne7 15. Be2 g4 16. Bd3 Ne8 17. e4 Ng7 18. exf5 Nexf5 19. Nxf5 Nxf5 20. Bxf5 Bxf5 21. Rxf5 Rg7 22. Bh6 Qh4 23. Bxg7 Bxg7 24. Nd5 Re8 25. Qd3 g3 26. Qxg3 Qxd4+ 27. Kh1 Kh8 28. Nc3 Qxc4 29. Qf3 Qe6 30. Rf1 Be5 31. Ne4 Rg8 32. Rf8 Qg6 33. Rxg8+ Qxg8 34. Qf8 h5 35. Qh6+ Qh7 36. Rf8# 1-0

[Event "Late-Titled-Tuesday-Blitz-May-14-2024"]
[Site "Chess.com"]
[Date "2024.05.14"]
[Round "8"]
[White "ImportedItalianMaple"]
[Black "alexrustemov"]
[Result "0-1"]
[WhiteElo "2571"]
[BlackElo "2900"]
[TimeControl "180+1"]
[EndTime "15:26:57 PDT"]
[Termination "alexrustemov won on time"]

1. e4 e6 2. d4 d5 3. Nd2 dxe4 4. Nxe4 Bd7 5. Nf3 Bc6 6. Bd3 Nd7 7. O-O Ngf6 8. Nxf6+ Qxf6 9. Re1 Bxf3 10. Qxf3 Qxf3 11. gxf3 Be7 12. a4 a5 13. Bf4 c6 14. c4 Nf6 15.
Rad1 O-O 16. Be4 Rfd8 17. Re3 Rd7 18. Red3 Rad8 19. b3 h6 20. Be5 g6 21. Bxf6 Bxf6 22.
d5 exd5 23. cxd5 c5 24. f4 Bd4 25. Rg3 Kf8 26. Rh3 Kg7 27. Kg2 Rd6 28. Rhd3 Rf6 29. Kg3 Rdd6 30. f3 Rb6 31. Rc1 Rfd6 32. f5 gxf5 33.
Bxf5 Rxd5 34. Be4 Rg5+ 35. Kh3 Rf6 36. Rc2 b6 37. Rg2 Rf4 38. Rxg5+ hxg5 39. Kg3 Rh4 40. h3 Kf6 41. Rd2 Be5+ 42. Kg2 Bd4 43. Kg3 Rh8 44. Kg4 Be5 45. f4 Rh4+ 46. Kf3 Rxf4+ 47. Ke3 Bd4+ 0-1

[Event "Late-Titled-Tuesday-Blitz-May-14-2024"]
[Site "Chess.com"]
[Date "2024.05.14"]
[Round "8"]
[White "Seochesspie"]
[Black "rhungaski"]
[Result "1/2-1/2"]
[WhiteElo "2819"]
[BlackElo "2551"]
[TimeControl "180+1"]
[EndTime "15:26:59 PDT"]
[Termination "Game drawn by repetition"]

1. Nf3 g6 2. g3 Bg7 3. Bg2 d6 4. O-O Nf6 5. c4 O-O 6. Nc3 e5 7. d3 c6 8. Rb1 a5 9. a3 h6 10. b4 axb4 11. axb4 Re8 12. b5 d5 13. bxc6 bxc6 14.
Na4 e4 15. Nd4 Nfd7 16. e3 Ne5 17. dxe4 dxc4 18. Nb6 Ra2 19. Nxc4 Bg4 20. Qb3 Ra8 21. Nxe5 Rxe5 22. Qb7 Rea5 23. Nxc6 Nxc6 24. Qxc6 Be2 25. Re1 Rc8 26. Qb6 Qxb6 27. Rxb6 Ra1 28. Bd2 Rxe1+ 29.
Bxe1 Rc1 30. f3 Rxe1+ 31. Kf2 Bc3 32. Rc6 Bb4 33. Rb6 Ba5 34. Rb8+ Kg7 35. Ra8 Bc3 36. Rc8 Bb4 37. Rb8 Bc3 38. Rb3 Ba5 39. Ra3 Bb4 40. Ra4 Bc3 41. Ra3 Bb4 42. Rb3 Ba5 43.
Ra3 Bb4 1/2-1/2

[Event "Late-Titled-Tuesday-Blitz-May-14-2024"]
[Site "Chess.com"]
[Date "2024.05.14"]
[Round "8"]
[White "maximnovik"]
[Black "ferrufino64"]
[Result "1-0"]
[WhiteElo "2588"]
[BlackElo "2340"]
[TimeControl "180+1"]
[EndTime "15:27:00 PDT"]
[Termination "maximnovik won by resignation"]

1. e4 c5 2. Nf3 d6 3. c3 Nf6 4.
h3 g6 5. Bd3 Bg7 6. O-O O-O 7.
Bc2 c4 8. b3 d5 9. exd5 Qxd5 10. Re1 Nc6 11. Na3 cxb3 12. axb3 e5 13. c4 Qd6 14.
Nb5 Qb8 15. Ba3 Rd8 16. Bb2 Re8 17. d4 exd4 18. Rxe8+ Nxe8 19. Nbxd4 Bd7 20. Qd2 Nxd4 21. Nxd4 Qd6 22. Rd1 Rd8 23. Qa5 Qb6 24. Qa1 a6 25. Bc3 Qc5 26. Nf3 Bxc3 27. Qxc3 Qe7 28. Qd4 Nf6 29. Ne5 Qe6 30. f4 b5 31. c5 h5 32. c6 Rc8 33. cxd7 Rxc2 34. d8=Q+ Kg7 35. Nf3 Qxb3 36. Q8xf6+ 1-0

[Event "Late-Titled-Tuesday-Blitz-May-14-2024"]
[Site "Chess.com"]
[Date "2024.05.14"]
[Round "8"]
[White "hawes33"]
[Black "BestestBP"]
[Result "0-1"]
[WhiteElo "2364"]
[BlackElo "2205"]
[TimeControl "180+1"]
[EndTime "15:27:01 PDT"]
[Termination "BestestBP won by resignation"]

1. e4 e5 2. Nf3 Nc6 3. d4 exd4 4. Bc4 Nf6 5. O-O Nxe4 6. Re1 d5 7. Bxd5 Qxd5 8.
Nc3 Qd7 9. Nxe4 Be7 10. Nc5 Qd5 11. Nb3 O-O 12. Nbxd4 Nxd4 13. Nxd4 Bf6 14. c3 Rd8 15. Be3 a6 16. Qf3 Qxf3 17. Nxf3 Bg4 18. Nd4 c5 19.
Nb3 b6 20. f3 Be6 21. Rad1 a5 22. Kf2 a4 23. Nc1 a3 24. Rxd8+ Rxd8 25. bxa3 Bxc3 26. Re2 h6 27. a4 Bd7 28. Rc2 Ba5 29. Rc4 Be6 30.
Re4 Bd5 31. Re7 Bc6 32. Nb3 Bb4 33. a5 c4 34. Rc7 cxb3 35. axb3 Bd5 36. axb6 Rb8 37.
Rd7 Be6 38. Ra7 Bxb3 39. b7 Bd5 40. Ra8 Rxa8 41. bxa8=Q+ Bxa8 42. Kg3 Bd6+ 43. Kh3 Kh7 44. Bd4 Kg6 45. Bc3 h5 46. g4 Bxf3 47. gxh5+ Bxh5 48. Kh4 Bxh2 49. Bd2 Bd6 50. Be3 Bf3 51. Bf2 Kf5 52. Bd4 g5+ 53. Kh3 g4+ 54. Kh4 Kf4 55.
Bf2 Be7+ 56. Kh5 g3+ 57. Kh6 gxf2 58. Kg7 f1=Q 59. Kxf7 Bh4 60. Kg6 Qg2+ 61. Kf7 Bd5+ 0-1

[Event "Late-Titled-Tuesday-Blitz-May-14-2024"]
[Site "Chess.com"]
[Date "2024.05.14"]
[Round "8"]
[White "balack95"]
[Black "Christian-Toth"]
[Result "0-1"]
[WhiteElo "2476"]
[BlackElo "2385"]
[TimeControl "180+1"]
[EndTime "15:27:02 PDT"]
[Termination "Christian-Toth won by checkmate"]

1. d4 d5 2. c4 e6 3. Nc3 c5 4. cxd5 exd5 5. Nf3 Nc6 6. g3 Nf6 7. Bg2 Be7 8. Bg5 O-O 9. O-O c4 10. Ne5 Be6 11. Nxc6 bxc6 12. b3 Rc8 13. bxc4 dxc4 14. Rc1 Qa5 15. e4 Rfd8 16. Bxf6 Bxf6 17. Ne2 Qxa2 18.
d5 cxd5 19. exd5 Bg4 20. Rc2 Qb3 21. h3 Bf5 22. Rd2 Qxd1 23. Rdxd1 c3 24. Nc1 c2 25. Rde1 a5 26. g4 Bd7 27. Be4 Bb5 28. Bd3 Bxd3 29. Nxd3 Rxd5 30. Nc1 a4 31. Re3 Bb2 32. Kg2 g6 33.
Rd3 Rxd3 34. Nxd3 a3 35. Nc1 Bxc1 36. Rxc1 a2 37. Kf3 a1=Q 38. Rxa1 c1=Q 39. Rxc1 Rxc1 40. Kg3 Rc3+ 41. Kh4 Kg7 42. f4 h6 43. g5 h5 44. f5 gxf5 45. Kxh5 Rxh3# 0-1

[Event "Late-Titled-Tuesday-Blitz-May-14-2024"]
[Site "Chess.com"]
[Date "2024.05.14"]
[Round "8"]
[White "RespectfulDaveOnYouTube"]
[Black "nitpicker"]
[Result "1-0"]
[WhiteElo "2520"]
[BlackElo "2303"]
[TimeControl "180+1"]
[EndTime "15:27:03 PDT"]
[Termination "RespectfulDaveOnYouTube won by resignation"]

1. d4 Nf6 2. Nc3 d5 3. Bf4 a6 4. e3 e6 5. Nf3 Bd6 6. Bd3 b5 7. Ne5 Bb7 8. g4 Nbd7 9. g5 Ne4 10. Bxe4 dxe4 11. Qh5 g6 12. Qh6 Bf8 13. Qh3 Bg7 14. O-O-O Qe7 15. Qg2 O-O-O 16. Nxe4 Nxe5 17. dxe5 Qb4 18. f3 Bxe4 19. fxe4 Qc5 20. Qf3 b4 21. Rd4 Rxd4 22.
exd4 Qxd4 23. Rd1 Qc5 24. Qd3 Kb7 25. Qd4 Qxd4 26. Rxd4 a5 27. Rd7 Rf8 28. c3 Kc8 29. Rd4 Rd8 30. Kc2 Rxd4 31. cxd4 c6 32. Kb3 Kc7 33. d5 Kb6 34. d6 Bf8 35. Kc4 Bg7 36. Be3+ Kb7 37. Bd4 Bf8 38. h4 Bg7 39. Kb3 h5 40.
Ka4 Ka6 41. d7 1-0